 Dungeon Crawl Stone Soup version 0.27-a0-419-g7a85846853 (webtiles) character file.

Game seed: 2197723287926685786

112 Chiseanne the Skirmisher (level 4, -5/38 HPs)
             Began as a Demonspawn Wanderer on Feb 26, 2021.
             Slain by a gnoll
             ... wielding a +0 spear of flaming
              (10 damage)
             ... on level 3 of the Dungeon.
             The game lasted 00:02:14 (2368 turns).

Chiseanne the Skirmisher (Demonspawn Wanderer)      Turns: 2368, Time: 00:02:14

Health: -5/38      AC:  5    Str: 14    XL:     4   Next: 63%
Magic:  4/4        EV: 13    Int: 14    God:
Gold:   125        SH:  0    Dex: 13    Spells: 3/3 levels left

rFire    . . .     SeeInvis .   a - +2 hand axe
rCold    . . .     Faith    .   (no shield)
rNeg     + . .     Spirit   .   q - +2 robe {rN+}
rPois    .         Reflect  .   r - +0 helmet
rElec    .         Harm     .   (no cloak)
rCorr    .         Rampage  .   (no gloves)
Will     .....                  (no boots)
Stlth    ++........             (no amulet)
HPRegen  0.12/turn              (no ring)
MPRegen  0.09/turn              (no ring)

@: no status effects
A: demonic guardian 1, big brain 1
a: no special abilities


You were on level 3 of the Dungeon.
You visited 1 branch of the dungeon, and saw 3 of its levels.

You collected 125 gold pieces.

Inventory:

Hand Weapons
 a - a +2 hand axe (weapon)
 e - a +0 dagger
Missiles
 k - 100 stones (quivered)
 l - 23 sling bullets
 n - 16 poisoned darts
Armour
 q - a +2 robe of positive energy (worn)
 r - a +0 helmet (worn)
Wands
 p - a wand of acid (10)
 s - a wand of paralysis (11)
Scrolls
 c - 4 scrolls of teleportation
 d - 2 scrolls of enchant armour {unknown}
 f - 8 scrolls of identify {unknown}
 g - a scroll of fog {unknown}
 o - a scroll of noise {unknown}
Potions
 b - 4 potions of lignification
 h - 3 potions of curing {unknown}
 i - a potion of haste {unknown}
 j - 2 potions of might {unknown}
 m - a potion of magic {unknown}


   Skills:
 * Level 4.3 Fighting
 - Level 1.7 Axes
 - Level 1.0 Throwing
 - Level 1.0 Armour
 * Level 2.6 Dodging
 - Level 1.7 Stealth
 - Level 1.0 Unarmed Combat


You had 3 spell levels left.
You didn't know any spells.
Your spell library was empty.

Dungeon Overview and Level Annotations

Branches:
Dungeon (3/15)

Altars:
Kikubaaqudgha


Innate Abilities, Weirdness & Mutations

A weak demonic guardian rushes to your aid.
You have an unusually large brain. (Int +2)


Message History

No target in view!
You feel sick.
You feel sick.
You feel sick.
You feel sick.
You feel sick.
You feel sick.
You are no longer poisoned.
Things that are here:
an adder corpse; a jackal corpse You open the door.
A worm and 3 gnolls come into view.
A gnoll is wielding a +0 spear of flaming.
The gnoll shouts! x2
The gnoll moves out of view.
The gnoll hits you but does no damage. x2
There is an open door here.
You closely miss the gnoll. You hit the gnoll. The gnoll closely misses you.
The gnoll barely misses you. x2
You barely miss the gnoll. You hit the gnoll but do no damage.
The gnoll completely misses you. The gnoll barely misses you.
The gnoll hits you from afar with a +0 spear.
The gnoll hits you with a +0 spear of flaming.
A demonic guardian appears!
The gnoll burns you.
You hit the gnoll.
The gnoll is moderately wounded.
You closely miss the gnoll.
The gnoll hits you from afar with a +0 spear.
The gnoll closely misses you.
The gnoll hits you with a +0 spear of flaming.
The gnoll burns you. The gnoll misses you.
The gnoll hits you from afar with a +0 spear!
* * * LOW HITPOINT WARNING * * *
You closely miss the gnoll.
The gnoll is moderately wounded.
You hit the gnoll. The gnoll closely misses you. The gnoll barely misses you.
The gnoll hits you from afar with a +0 spear.
* * * LOW HITPOINT WARNING * * *
The gnoll hits you from afar with a +0 spear of flaming!
You die...

######## #......#
#......# #......#
+......# #..w...#
#..ggg.# #########'#
#...†...@5#
#.#########
#.<......#
#.....)..#
#........#
#.#.†#####
###.#..#############
#......##.....>....#
#...##.......#####.#


You could see a worm, 3 gnolls and a friendly shadow imp (summoned).

Vanquished Creatures
  Jessica (D:2)
  3 adders
  A worm (D:2)
  2 dart slugs
  A leopard gecko (D:1)
  4 bats
  6 giant cockroaches
  5 goblins
  6 hobgoblins
  5 jackals
  9 kobolds
  5 rats
48 creatures vanquished.

Vanquished Creatures (collateral kills)
  A ball python (D:1)
1 creature vanquished.

Grand Total: 49 creatures vanquished

Notes
Turn   | Place    | Note
-------+----------+-------------------------------------------
     0 | D:1      | Chiseanne the Demonspawn Wanderer began the quest for the
                  | Orb.
     0 | D:1      | Chiseanne set off with the following items: a +2 hand axe,
                  | a potion of lignification, a scroll of teleportation, a +0
                  | robe, a +0 dagger
     0 | D:1      | Reached XP level 1. HP: 18/18 MP: 1/1
   117 | D:1      | Gained mutation: A weak demonic guardian rushes to your
                  | aid. [demonic ancestry]
   117 | D:1      | Reached XP level 2. HP: 17/24 MP: 2/2
   122 | D:1      | Reached skill level 1 in Dodging
   796 | D:1      | You fall into a shaft and drop 1 floor!
   805 | D:2      | Reached XP level 3. HP: 26/30 MP: 3/3
  1319 | D:2      | Found an ancient bone altar of Kikubaaqudgha.
  1679 | D:2      | Reached skill level 4 in Fighting
  1872 | D:2      | Noticed Jessica
  1878 | D:2      | Killed Jessica
  1879 | D:2      | Gained mutation: You have an unusually large brain. (Int
                  | +2) [demonic ancestry]
  1879 | D:2      | Reached XP level 4. HP: 37/37 MP: 4/4
  2368 | D:3      | Slain by a gnoll

Illustrated notes

Levels and vault maps discovered:
D:1:      onia_arrival_mini_maze, layout_loops_ring
D:2:      layout_loops_ring, lemuel_coloured_pillars_altar,
          small_statue_intersection, uniq_jessica
D:3:      minmay_chambers_of_threes, layout_basic,
          gammafunk_temple_overflow_wave, ashenzari_conservatory_becter,
          okawaru_altar_gauntlet_db

Skill      XL: |  1  2  3 |
---------------+----------+-----
Dodging        | 1 2 |  2.6
Fighting       | 4 |  4.3
Axes           | |  1.7
Throwing       | |  1.0
Armour         | |  1.0
Stealth        | |  1.7
Unarmed Combat | |  1.0

Action                   |  1- 3 |  4- 6 || total
-------------------------+-------+-------++-------
Melee: Hand axe          |   107 |    46 ||   153
       Punch             |       |     1 ||     1
 Stab: Sleeping          |     5 |     2 ||     7
Armor: Robe              |    20 |    16 ||    36
       Leather armour    |     1 |       ||     1
Dodge: Dodged            |    75 |    37 ||   112

Table legend: (Time is in decaauts)
 A = Elapsed time spent in this place.
 B = Non-inter-level travel time spent in this place.
 C = Inter-level travel time spent in this place.
 D = Time resting spent in this place.
 E = Time spent auto-exploring this place.
 F = Levels seen in this place.
 G = Mean time per level.
                   A        B        C        D        E       F      G
               +--------+--------+--------+--------+--------+-----+--------+
         Total |   2400 |   2377 |     23 |    640 |   1383 |   3 |  800.0 |
       Dungeon |   2400 |   2377 |     23 |    640 |   1383 |   3 |  800.0 |
               +--------+--------+--------+--------+--------+-----+--------+

Top non-repeatable levels by time:
     D:2: 1294 daAuts
     D:1: 804 daAuts
     D:3: 301 daAuts
